 Seeded DCSS version 0.30.1-9-gdf580d7c3d (webtiles) character file.

Game seed: 15337894225711264994 (custom seed)

554 tkbsonic5 the Slasher (level 7, 0/52 HPs)
             Began as a Minotaur Gladiator on Oct 21, 2023.
             Was a Follower of Zin.
             Succumbed to a water moccasin's poison
             ... on level 5 of the Dungeon.
             The game lasted 00:08:27 (3404 turns).

tkbsonic5 the Slasher (Minotaur Gladiator)          Turns: 3404, Time: 00:08:28

Health: 0/52       AC: 14    Str: 24    XL:     7   Next: 8%
Magic:  6/6        EV:  8    Int:  4    God:    Zin [*.....]
Gold:   89         SH:  0    Dex: 11    Spells: 6/6 levels left

rFire   . . .        a - +2 long sword
rCold   . . .        (no shield)
rNeg    . . .        H - +0 plate armour
rPois   .            c - +0 hat
rElec   .            (no cloak)
rCorr   .            C - +0 pair of gloves
SInv    .            i - +0 pair of boots
Will    .....        (no amulet) Stlth
                     (no ring)
HPRegen 0.28/turn    (no ring)
MPRegen 0.10/turn

%: no passive effects
@: mighty, lethally poisoned (0 -> -12)
A: horns 2, retaliatory headbutt, frail 1, strong 1
a: Renounce Religion, Recite, Donate Gold


You were on level 5 of the Dungeon.
You worshipped Zin.
Zin was aware of your devotion.
You visited 2 branches of the dungeon, and saw 6 of its levels.

You collected 198 gold pieces.
You donated 109 gold pieces to Zin.

Inventory:

Hand Weapons
 a - a +2 long sword (weapon)
 m - a +0 mace
 o - a +3 hand axe
 q - a +0 hand axe
 y - a +0 dagger
 z - a +0 dagger of venom
 A - a +2 heavy trident
Missiles
 d - 3 throwing nets
 e - a javelin
 r - 4 poisoned darts
 K - 6 boomerangs
Armour
 b - a +0 leather armour
 c - a +0 hat (worn)
 i - a +0 pair of boots (worn)
 j - a +3 ring mail
 k - a +0 chain mail
 C - a +0 pair of gloves (worn)
 H - a +0 plate armour (worn)
Jewellery
 f - a ring of flight
 t - a +6 ring of intelligence
 v - a ring of wizardry
 D - an amulet of guardian spirit
 I - a ring of poison resistance
Wands
 l - a wand of charming (2)
Scrolls
 g - 4 scrolls of teleportation
 h - a scroll of amnesia
 p - a scroll of immolation {unknown}
 s - a scroll of magic mapping
 J - a scroll of silence
Potions
 n - 2 potions of brilliance
 u - 3 potions of flight
 x - a potion of might
 B - 2 potions of magic
 E - a potion of mutation
 G - 4 potions of cancellation


   Skills:
 + Level 3.9 Fighting
 * Level 6.6 Long Blades
 - Level 2.0 Throwing
 + Level 3.9 Armour
 * Level 5.4 Dodging
 - Level 0.2 Stealth


You had 6 spell levels left.
You didn't know any spells.
Your spell library contained the following spells:

 Spells                   Type           Power      Damage    Failure   Level
 Apportation              Tloc           0%         N/A       100%        1
 Necrotise                Necr           0%         1d4       100%        1
 Summon Small Mammal      Summ           0%         N/A       100%        1


Dungeon Overview and Level Annotations

Branches:
Dungeon (5/15)             Temple (1/1) D:5

Altars:
Ashenzari
Elyvilon
Fedhas
Gozag
Kikubaaqudgha
Nemelex Xobeh
Okawaru
Qazlal
Sif Muna
Trog
Uskayaw
Vehumet
Wu Jian
Xom
Yredelemnul
Zin
The Shining One

Annotations:
D:4 KittyFluff's ghost, amateur GrBe


Innate Abilities, Weirdness & Mutations

You have a pair of horns on your head.
You reflexively headbutt those who attack you in melee.
You are frail. (-10% HP)
Your muscles are strong. (Str +4, Int/Dex -1)


Message History

The water moccasin poisons you!
You closely miss the water moccasin. You headbutt the water moccasin.
The water moccasin is lightly wounded.
You feel very sick. The water moccasin bites you.
You are lethally poisoned!
The water moccasin poisons you! The water moccasin bites you.
You hit the water moccasin.
Your headbutt misses the water moccasin.
The water moccasin is moderately wounded.
You feel extremely sick.
The water moccasin bites you but does no damage.
You are too injured to fight recklessly!
You are too injured to fight recklessly!
You are too injured to fight recklessly!
You are too injured to fight recklessly!
Okay, then.
As you read the scroll of enchant weapon, it crumbles to dust.
Your +0 long sword glows red for a moment.
* * * LOW HITPOINT WARNING * * *
You feel very sick.
The water moccasin bites you but does no damage.
The water moccasin barely misses you.
As you read the scroll of enchant weapon, it crumbles to dust.
Your +1 long sword glows red for a moment.
* * * LOW HITPOINT WARNING * * *
You feel very sick. The water moccasin closely misses you.
You furiously retaliate!
You headbutt the water moccasin. You barely miss the water moccasin.
Your headbutt misses the water moccasin.
The water moccasin is heavily wounded.
* * * LOW HITPOINT WARNING * * *
You feel very sick. The water moccasin closely misses you.
You furiously retaliate!
You headbutt the water moccasin. The water moccasin bites you.
* * * LOW HITPOINT WARNING * * *
It was a potion of might.
You feel very mighty all of a sudden.
You die...

........<......
ยง......#.......
......##.......
..######.###...
#...............
..#######.###...
.# ##.# #### ###
##S# #..# ....
#@.# ###.##
...###.### #...#
#.......# #.###
#.......# #.#
##.#....####.####
+..#............#
## #######.....<#
#......# #......#


You could see a water moccasin.

Vanquished Creatures
  A black bear (D:4)
  An ogre (D:5)
  A phantom (D:4)
  A bullfrog (D:4)
  A jelly (D:5)
  2 iguanas (D:5)
  A sleepcap (D:4)
  2 adders (D:4)
  4 gnolls (D:3)
  An ufetubus (D:4)
  2 worms
  2 dart slugs
  2 orcs
  7 ball pythons
  2 bats (D:1)
  8 endoplasms
  3 giant cockroaches
  5 goblins
  5 hobgoblins
  6 kobolds
  2 quokkas (D:4)
  12 frilled lizards
  4 rats
75 creatures vanquished.

Notes
Turn   | Place    | Note
-------+----------+-------------------------------------------
     0 | D:1      | tkbsonic5 the Minotaur Gladiator began the quest for the
                  | Orb.
     0 | D:1      | Reached XP level 1. HP: 18/18 MP: 0/0
   143 | D:1      | Reached XP level 2. HP: 25/25 MP: 1/1
   184 | D:1      | Reached skill level 4 in Long Blades
   556 | D:2      | Found a faded altar of an unknown god.
   581 | D:2      | Reached XP level 3. HP: 30/30 MP: 2/2
  1401 | D:3      | Reached XP level 4. HP: 25/37 MP: 3/3
  1413 | D:3      | Reached skill level 5 in Long Blades
  1684 | D:3      | Found an ornate altar of the Wu Jian Council.
  1767 | D:3      | Identified the -1 cloak "Puneodil" {*Corrode rC+ Will++
                  | Str+3}
  1800 | D:3      | Identified the +2 ring mail of Wizint {Will+ rCorr Int+3
                  | Stlth+}
  2172 | D:4      | Reached skill level 1 in Armour
  2192 | D:4      | Noticed a black bear
  2206 | D:4      | Killed a black bear
  2207 | D:4      | Reached XP level 5. HP: 36/45 MP: 4/4
  2260 | D:4      | Noticed a phantom
  2277 | D:4      | Killed a phantom
  2278 | D:4      | Reached XP level 6. HP: 48/51 MP: 5/5
  2359 | D:4      | Reached skill level 6 in Long Blades
  2390 | D:4      | Found a runed translucent door.
  2395 | D:4      | Noticed KittyFluff's ghost (amateur GrBe)
  2753 | D:4      | Gained mutation: You are frail. (-10% HP) [potion of
                  | mutation]
  2753 | D:4      | Gained mutation: Your muscles are strong. (Str +4, Int/Dex
                  | -1) [potion of mutation]
  2762 | D:4      | Reached skill level 5 in Dodging
  2776 | D:4      | HP: 2/45 [poisoned by KittyFluff's ghost]
  2837 | D:5      | Entered Level 5 of the Dungeon
  3107 | D:5      | Found a staircase to the Ecumenical Temple.
  3124 | D:5      | Reached XP level 7. HP: 39/52 MP: 6/6
  3146 | Temple   | Entered the Ecumenical Temple
  3285 | Temple   | Became a worshipper of Zin the Law-Giver
  3285 | Temple   | Reached * piety under Zin
  3333 | D:4      | Donated 90 gold pieces to Zin
  3404 | D:5      | Succumbed to a water moccasin's poison

Illustrated notes

Levels and vault maps discovered:
D:1:      lemuel_arrival_river_ford, layout_rooms, minmay_indecisive_spiral
D:2:      layout_loops_ring, ebering_ecumenical_altar_box, minmay_lizard_king
D:3:      layout_rooms, nzn_wu_jian_contemplation
D:4:      layout_cave_pools, ebering_ghost_sewer_d, chequers_mini_garden
D:5:      layout_rooms, grunt_dithmenos_smoke_and_mirrors,
          mainiacjoe_overflow_tiny_flanked, minmay_temple_entry_statues,
          dk_vineyard_2, nicolae_nh_oracle_at_delphi
Temple:   nicolae_temple_superstar

Skill      XL: |  1  2  3  4  5  6 |
---------------+-------------------+-----
Long Blades    | 4 5 6 |  6.6
Dodging        | 4 5 |  5.4
Fighting       | 3 |  3.9
Armour         | 1 3 |  3.9
Throwing       | |  2.0
Stealth        | |  0.2

Action                     |  1- 3 |  4- 6 |  7- 9 || total
---------------------------+-------+-------+-------++-------
  Melee: Long sword        |    84 |   108 |     6 ||   198
         Headbutt          |    11 |    20 |     1 ||    32
         Punch             |       |     1 |       ||     1
  Throw: Throwing net      |       |     2 |       ||     2
         Boomerang         |       |    13 |       ||    13
 Invoke: Donate Gold       |       |       |     1 ||     1
    Use: Scroll            |     6 |     5 |     2 ||    13
         Potion            |       |     9 |     1 ||    10
   Stab: Invisible         |       |     2 |       ||     2
 Armour: Leather armour    |     3 |       |       ||     3
         Ring mail         |    24 |    41 |       ||    65
         Plate armour      |       |    10 |     3 ||    13
  Dodge: Dodged            |    75 |    57 |     4 ||   136
